 Seeded DCSS version 0.31-a0-986-g5e6e4ef867 (webtiles) character file.

Game seed: 5741326171580744185 (custom seed)

67 voltaire321 the Digger (level 3, -8/20 HPs)
             Began as a Deep Elf Earth Elementalist on Nov 5, 2023.
             Mangled by Terence
             ... wielding a +0 flail
              (10 damage)
             ... on level 2 of the Dungeon.
             The game lasted 00:05:35 (1360 turns).

voltaire321 the Digger (DEEE)                       Turns: 1360, Time: 00:05:36

Health: -8/20      AC:  3    Str:  7    XL:     3   Next: 98%
Magic:  3/19       EV: 18    Int: 19    God:
Gold:   96         SH:  0    Dex: 17    Spells: 3/9 levels left

rFire   + . .        d - +0 falchion
rCold   x . .        (no shield)
rNeg    + . .        a - +0 robe
rPois   .            (no helmet)
rElec   .            l - +0 cloak
rCorr   .            (no gloves)
SInv    .            (no boots)
Will    ++...        (no amulet)
Stlth   ++           c - ring "Qaich" {EV+5 Dex+2 Slay+3}
HPRegen 0.23/turn    i - ring of Surprise {Fire rN+ Will++ MP+9}
MPRegen 0.16/turn

%: no passive effects
@: no status effects
A: no striking features
a: no special abilities


You were on level 2 of the Dungeon.
You visited 1 branch of the dungeon, and saw 2 of its levels.

You collected 96 gold pieces.

Inventory:

Hand Weapons
 d - a +0 falchion (weapon)
Armour
 a - a +0 robe (worn)
 l - a +0 cloak (worn)
Jewellery
 c - the ring "Qaich" (left hand) {EV+5 Dex+2 Slay+3}
   (You acquired it on level 2 of the Dungeon)

   [ring of evasion]

   EV+5:      It affects your evasion (+5).
   Dex+2:     It affects your dexterity (+2).
   Slay+3:    It affects your accuracy & damage with ranged weapons and melee
   (+3).
 i - the ring of Surprise (right hand) {Fire rN+ Will++ MP+9}
   (You acquired it on level 2 of the Dungeon)

   [ring of fire]

   Fire:      It enhances your fire magic.
   rF+:       It protects you from fire.
   rC-:       It makes you vulnerable to cold.
   rN+:       It protects you from negative energy.
   Will++:    It greatly increases your willpower.
   MP+9:      It affects your magic capacity (+9).
Scrolls
 e - a scroll of fog {unknown}
 f - a scroll of blinking {unknown}
 g - a scroll of vulnerability {unknown}
 h - a scroll of enchant weapon {unknown}
 j - a scroll of immolation {unknown}
 k - 3 scrolls of identify
Potions
 b - a potion of magic
 m - a potion of haste
 n - a potion of mutation


   Skills:
 + Level 0.4 Fighting
 + Level 0.6 Armour
 + Level 3.0 Dodging
 + Level 3.1 Stealth
 + Level 3.6 Spellcasting
 + Level 0.1 Conjurations
 + Level 1.9 Transmutations
 + Level 3.7 Earth Magic


You had 3 spell levels left.
You knew the following spells:

 Your Spells              Type           Power      Damage    Failure   Level
a - Sandblast             Erth           34%        2d9       3%          1
b - Passwall              Tmut/Erth      11%        N/A       7%          2
c - Stone Arrow           Conj/Erth      20%        3d8       19%         3

Your spell library contained the following spells:

 Spells                   Type           Power      Damage    Failure   Level
 Magic Dart               Conj           16%        1d3       14%         1
 Call Imp                 Summ           6%         N/A       22%         2
 Mephitic Cloud           Conj/Pois/Air  3%         N/A       38%         3
 Petrify                  Tmut/Erth      14%        N/A       41%         4
 Brom's Barrelling Bould  Conj/Erth      10%        2d3       54%         4


Dungeon Overview and Level Annotations

Branches:
Dungeon (2/15)

Altars:

Annotations:
D:2 Terence


Message History

Aim: Terence, wielding a +0 flail and wearing a +0 scale mail (72% to hit)
The stone arrow misses Terence.
Terence hits you with a +0 flail.
Casting: Stone Arrow (extremely dangerous; 19% risk of failure)
Confirm with . or Enter, or press ? or * to list all spells.
Aiming: Stone Arrow (extremely dangerous; 19% risk of failure)
Press: ? - help, Shift-Dir - straight line, f/p - Terence
Aim: Terence, wielding a +0 flail and wearing a +0 scale mail (72% to hit)
The stone arrow hits Terence!
Terence is heavily wounded.
Terence completely misses you.
You completely miss Terence.
Terence is heavily wounded.
Terence closely misses you.
You closely miss Terence.
Terence is heavily wounded.
Terence misses you.
You hit Terence.
Terence is severely wounded.
Terence hits you with a +0 flail!
Aiming: Sandblast (safe; 3% risk of failure)
Press: ? - help, Q - select action, (/) - cycle Shift-Dir - straight line, f/p - Terence
Aim: Terence, wielding a +0 flail and wearing a +0 scale mail (severely wounded, 84% to hit)
The blast of sand hits Terence but does no damage.
Terence is severely wounded.
Terence hits you with a +0 flail!
Ouch! That really hurt!
* * * LOW HITPOINT WARNING * * *
Terence closely misses you.
Aiming: Sandblast (safe; 3% risk of failure)
Press: ? - help, Q - select action, (/) - cycle Shift-Dir - straight line, f/p - Terence
Aim: Terence, wielding a +0 flail and wearing a +0 scale mail (severely wounded, 84% to hit)
The blast of sand hits Terence but does no damage.
Terence is severely wounded.
Terence barely misses you. Terence attacks as he pursues you!
Terence closely misses you.
Your magical contamination has completely faded away.
You see here a potion of degeneration.
Terence attacks as he pursues you! Terence hits you with a +0 flail!
Ouch! That really hurt!
You die...

####..####.......# #.#.##
...............### ####.#...
#####.########.# #........ ##'#
#.# #.#.#.##. #...# #.# #..###.#.
.....# #.## #.## ##.. .......#
#..## #..###.#.
.........####...########.#.#..#.
.......†..'....@@................
..........####...###########...##
......# #..### #..## .....#
#....# #.## #...# ####.# #.# ##+#
#.# #.#### ..# #.# #..... #.# #.#
#..... ####.####### #.# #.....


You could see Terence.

Vanquished Creatures
  3 adders (D:2)
  A worm (D:2)
  2 dart slugs
  3 ball pythons (D:1)
  4 endoplasms (D:2)
  A goblin (D:2)
  3 hobgoblins
  2 jackals (D:1)
  2 quokkas (D:2)
  5 bats
  3 frilled lizards
  2 kobolds
  3 rats (D:1)
34 creatures vanquished.

Notes
Turn   | Place    | Note
-------+----------+-------------------------------------------
     0 | D:1      | voltaire321 the Deep Elf Earth Elementalist began the quest
                  | for the Orb.
     0 | D:1      | Reached XP level 1. HP: 10/10 MP: 6/6
    55 | D:1      | You fall into a shaft and drop 1 floor!
    62 | D:2      | Noticed Terence
   206 | D:2      | Reached XP level 2. HP: 15/15 MP: 5/8
   527 | D:1      | Reached XP level 3. HP: 19/19 MP: 7/9
   876 | D:2      | Learned a level 2 spell: Passwall
   880 | D:2      | Learned a level 3 spell: Stone Arrow
  1275 | D:2      | Identified 2 scrolls of acquirement
  1275 | D:2      | Acquired the ring "Qaich" {EV+5 Dex+2 Slay+3}
  1278 | D:2      | Acquired the ring of Surprise {Fire rN+ Will++ MP+9}
  1356 | D:2      | HP: 1/20 [Terence/+0 flail (10)]
  1360 | D:2      | Mangled by Terence

Illustrated notes

Levels and vault maps discovered:
D:1:      lightli_iron_boxes, layout_basic, serial_forest,
          infiniplex_forest_clump_diagonal, infiniplex_forest_zigzag_2,
          infiniplex_forest_clump_C, infiniplex_forest_clump_double,
          infiniplex_forest_zigzag_1, minivault_23
D:2:      layout_loops_corners, grunt_decor_one_mirror,
          kennysheep_generic_room_4, uniq_terence

Skill      XL: |  1  2  3 |
---------------+----------+-----
Stealth        | 3 |  3.1
Dodging        | 3 |  3.0
Fighting       | |  0.4
Armour         | |  0.6
Spellcasting   | |  3.6
Conjurations   | |  0.1
Transmutations | |  1.9
Earth Magic    | |  3.7

Action                     || total
---------------------------++-------
  Melee: Falchion          ||     3
   Cast: Sandblast         ||    46
         Stone Arrow       ||     4
    Use: Scroll            ||     5
 Armour: Robe              ||     7
  Dodge: Dodged            ||    14

Table legend: (Time is in decaauts)
 A = Elapsed time spent in this place.
 B = Non-inter-level travel time spent in this place.
 C = Inter-level travel time spent in this place.
 D = Time resting spent in this place.
 E = Time spent auto-exploring this place.
 F = Levels seen in this place.
 G = Mean time per level.
                   A        B        C        D        E       F      G
               +--------+--------+--------+--------+--------+-----+--------+
         Total |   1382 |   1374 |      8 |    159 |    818 |   2 |  691.0 |
       Dungeon |   1382 |   1374 |      8 |    159 |    818 |   2 |  691.0 |
               +--------+--------+--------+--------+--------+-----+--------+

Top non-repeatable levels by time:
     D:2: 771 daAuts
     D:1: 610 daAuts
